 Dungeon Crawl Stone Soup version 0.26-a0-712-ga5a9c9c9d0 (webtiles) character file.

Game seed: 12925751378575528199

67 Azzok the Chopper (level 4, 21/35 HPs)
             Began as a Demonspawn Berserker on Nov 13, 2020.
             Was a Believer of Trog.
             Quit the game on level 2 of the Dungeon.
             The game lasted 00:02:49 (1746 turns).

Azzok the Chopper (Demonspawn Berserker)            Turns: 1746, Time: 00:02:49

Health: 21/35      AC:  3    Str: 18    XL:     4   Next: 0%
Magic:  4/4        EV: 12    Int:  8    God:    Trog [**....]
Gold:   143        SH:  0    Dex: 13    Spells: 3/3 levels left

rFire    . . .     SeeInvis .   n - +0 spear (vorpal)
rCold    . . .     Faith    .   (no shield)
rNeg     . . .     Spirit   .   b - +0 animal skin
rPois    .         Reflect  .   (no helmet)
rElec    .         Harm     .   (no cloak)
rCorr    .         Rampage  .   (no gloves)
MR       .....                  f - +0 pair of boots
Stlth    +.........             (no amulet)
HPRegen  0.11/turn              (no ring)
MPRegen  0.09/turn              (no ring)

@: no status effects
A: claws 1, rot immunity
a: Berserk, Trog's Hand, Renounce Religion


You were on level 2 of the Dungeon.
You worshipped Trog.
Trog was pleased with you.
You visited 1 branch of the dungeon, and saw 2 of its levels.

You collected 143 gold pieces.

Inventory:

Hand Weapons
 a - a +0 hand axe
 n - a +0 vorpal spear (weapon)
Armour
 b - a +0 animal skin (worn)
 f - a +0 pair of boots (worn)
Jewellery
 i - an uncursed ring of resist corrosion
Scrolls
 c - 2 scrolls of teleportation {unknown}
 e - a scroll of magic mapping {unknown}
 l - a scroll of identify {unknown}
 m - a scroll of enchant weapon {unknown}
Potions
 d - a potion of haste {unknown}
 g - a potion of curing {unknown}
 h - a potion of might {unknown}
 j - a potion of mutation {unknown}
 k - a potion of heal wounds {unknown}


   Skills:
 - Level 3.0 Fighting
 - Level 3.3 Axes
 - Level 1.7 Armour
 - Level 1.7 Dodging
 + Level 2.6 Unarmed Combat


You had 3 spell levels left.
You didn't know any spells.
Your spell library was empty.

Dungeon Overview and Level Annotations

Branches:
Dungeon (2/15)

Altars:
Okawaru
Yredelemnul


Innate Abilities, Weirdness & Mutations

You have sharp fingernails.
You are immune to rotting.


Message History

Found 2 scrolls labeled COHOTY BOF XIE.
You hit the adder.
The adder is heavily wounded.
The adder closely misses you. The adder barely misses you.
You miss the adder.
The adder is heavily wounded.
The adder barely misses you.
You closely miss the adder.
The adder is heavily wounded.
The adder closely misses you. The adder bites you.
You hit the adder.
You kill the adder!
Trog accepts your kill.
You hit the rat.
You kill the rat!
Trog accepts your kill.
You have reached level 4!
You feel agile.
Your demonic ancestry asserts itself...
You feel immune to rotting.
Are you sure you want to abandon this character and quit the game? (Confirm with "yes".)

▒·▒▒▒·····▒▒··
▒···)·····▒▒▒▒
▒▒▒▒▒▒····▒ ▒▒▒▒·▒ ▒†▒
▒▒·▒▒ ▒···▒ ▒·▒·▒▒▒▒▒▒
▒···▒ ▒····?@·w▒ ▒···▒
▒▒▒·▒▒▒▒·▒▒▒ ▒···▒
▒····†w··▒ ▒···▒▒▒
·······r··▒▒▒▒▒▒······
·▒▒··▒··▒·············
▒···················
▒···················
▒·······▒▒▒▒▒▒······
▒·······▒ ▒(····▒·


You could see a worm.

Vanquished Creatures
  An adder (D:2)
  A dart slug (D:1)
  A leopard gecko (D:1)
  3 ball pythons (D:1)
  A giant cockroach (D:1)
  2 goblins
  9 hobgoblins
  4 jackals (D:1)
  7 kobolds
  4 bats
  6 frilled lizards
  16 rats
55 creatures vanquished.

Notes
Turn   | Place    | Note
-------+----------+-------------------------------------------
     0 | D:1      | Azzok the Demonspawn Berserker began the quest for the Orb.
     0 | D:1      | Reached XP level 1. HP: 18/18 MP: 1/1
   287 | D:1      | Gained mutation: You have sharp fingernails. [demonic
                  | ancestry]
   287 | D:1      | Reached XP level 2. HP: 24/24 MP: 2/2
   536 | D:1      | Reached skill level 1 in Unarmed Combat
   678 | D:1      | Reached ** piety under Trog
   697 | D:1      | Reached XP level 3. HP: 18/29 MP: 3/3
  1570 | D:2      | Found an iron altar of Okawaru.
  1570 | D:2      | Found a basalt altar of Yredelemnul.
  1745 | D:2      | Gained mutation: You are immune to rotting. [demonic
                  | ancestry]
  1745 | D:2      | Reached XP level 4. HP: 21/35 MP: 4/4
  1746 | D:2      | Quit the game

Illustrated notes

Levels and vault maps discovered:
D:1:      lemuel_arrival_tunnels, layout_basic, minmay_rat_gold_closets
D:2:      layout_loops_cross, amethyst_overflow_temple_binary

Skill      XL: |  1  2  3 |
---------------+----------+-----
Axes           | 3 |  3.3
Unarmed Combat | 1 2 |  2.6
Fighting       | |  3.0
Armour         | |  1.7
Dodging        | |  1.7

Action                   |  1- 3 |  4- 6 || total
-------------------------+-------+-------++-------
Melee: Hand axe          |   144 |       ||   144
       Spear             |    20 |       ||    20
 Stab: Sleeping          |     5 |       ||     5
Armor: Animal skin       |    34 |       ||    34
Dodge: Dodged            |   111 |       ||   111

Table legend: (Time is in decaauts)
 A = Elapsed time spent in this place.
 B = Non-inter-level travel time spent in this place.
 C = Inter-level travel time spent in this place.
 D = Time resting spent in this place.
 E = Time spent auto-exploring this place.
 F = Levels seen in this place.
 G = Mean time per level.
                   A        B        C        D        E       F      G
               +--------+--------+--------+--------+--------+-----+--------+
         Total |   1763 |   1726 |     37 |    200 |   1112 |   2 |  881.5 |
       Dungeon |   1763 |   1726 |     37 |    200 |   1112 |   2 |  881.5 |
               +--------+--------+--------+--------+--------+-----+--------+

Top non-repeatable levels by time:
     D:1: 1226 daAuts
     D:2: 536 daAuts
